 Dungeon Crawl Stone Soup version 0.29.1-15-g9cfb28693d (webtiles) character file.

Game seed: 10949080073627205145

7346 dudediamond6 the Covert (level 10, -6/47 HPs)
             Began as a Spriggan Enchanter on Feb 24, 2023.
             Was a Priest of Ashenzari.
             Mangled by Gastronok (34 damage)
             ... on level 10 of the Dungeon.
             The game lasted 00:33:26 (13236 turns).

dudediamond6 the Covert (Spriggan Enchanter)       Turns: 13236, Time: 00:33:26

Health: -6/47      AC:  9    Str:  4    XL:     10   Next: 91%
Magic:  1/22       EV: 28    Int: 18    God:    Ashenzari [***...]
Gold:   410        SH:  0    Dex: 19    Spells: 10/23 levels left

rFire   . . .      SeeInvis +   J - +2 short sword (vamp)
rCold   . . .      Faith    .   (no shield)
rNeg    . . .      Spirit   .   C - +2 robe "Bound Together" {Comp, Cun} (curse)
rPois   .          Reflect  .   (helmet restricted)
rElec   .          Harm     .   g - +0 cloak of the Eye in the Sky {Bglg, Elem} (curse)
rCorr   .          Rampage  .   (gloves unavailable)
Will    +....      Clarity  +   (boots unavailable)
Stlth   ++++++....              t - amulet of Ashenzari's Free Will {Acrobat, Bglg, Fort} (curse)
HPRegen 0.15/turn               i - ring of Desmomancy {AC+4, Evo, Cun} (curse)
MPRegen 0.18/turn               p - +4 ring of evasion

@: very quick
A: very small, no large weapons, unfitting armour, see invisible, speed 3
a: Renounce Religion, Shatter the Chains


You were on level 10 of the Dungeon.
You worshipped Ashenzari.
Ashenzari was most pleased with you.
You visited 2 branches of the dungeon, and saw 11 of its levels.

You collected 745 gold pieces.
You spent 335 gold pieces at shops.

Inventory:

Hand Weapons
 a - a +1 dagger
 l - the +8 falchion of Disarray {antimagic, rCorr}
   (You found it on level 8 of the Dungeon)

   It reduces the magical energy of the wielder, and disrupts the spells and
   magical abilities of those it strikes.
   Natural abilities and divine invocations are not affected.
   rCorr:     It protects you from acid and corrosion.
 B - a +0 rapier
 J - a +2 vampiric short sword (weapon)
Armour
 b - a +0 robe
 g - the cursed +0 cloak of the Eye in the Sky (worn) {Bglg, Elem}
   (You found it on level 9 of the Dungeon)

   It has a curse which improves the following skills: Beguiling: Conjurations,
   Hexes and Translocations.
   Elements:  Fire Magic, Ice Magic, Air Magic and Earth Magic.
 C - the cursed +2 robe "Bound Together" (worn) {Comp, Cun}
   (You bought it in a shop on level 5 of the Dungeon)

   It has a curse which improves the following skills: Companions: Summonings
   and Necromancy.
   Cunning:   Dodging and Stealth.
Jewellery
 i - the cursed ring of Desmomancy (left hand) {AC+4, Evo, Cun}
   (You found it on level 1 of the Dungeon)

   [ring of protection]

   AC:        It affects your AC (+4).
   It has a curse which improves the following skills: Evocations: Evocations.
   Cunning:   Dodging and Stealth.
 j - a ring of protection from fire
 p - a +4 ring of evasion (right hand)
 t - the cursed amulet of Ashenzari's Free Will (around neck) {Acrobat, Bglg, Fort}
   (You took it off a gnoll on level 3 of the Dungeon)

   [amulet of the acrobat]

   It increases your evasion while moving and waiting.
   It has a curse which improves the following skills: Beguiling: Conjurations,
   Hexes and Translocations.
   Fortitude: Armour and Shields.
 z - a +6 ring of strength
 K - a +4 ring of protection
Wands
 x - a wand of flame (19) (quivered)
 D - a wand of acid (14)
 E - a wand of polymorph (10)
 G - a wand of charming (3)
Scrolls
 d - 9 scrolls of identify
 e - 2 scrolls of magic mapping
 h - a scroll of immolation
 k - 7 scrolls of teleportation
 n - 2 scrolls of blinking
 o - 3 scrolls of amnesia
 q - 2 scrolls of fear
 w - a scroll of enchant weapon
 y - a scroll of torment
 A - a scroll of silence
 F - a scroll of poison
 H - a scroll of summoning
Potions
 c - 3 potions of invisibility
 f - 3 potions of might
 m - a potion of haste
 s - 4 potions of curing
 u - a potion of ambrosia
 v - 2 potions of brilliance
 I - a potion of berserk rage


   Skills:
 + Level 2.5 Fighting
 + Level 7.0 Short Blades
 + Level 7.2(9.7) Dodging
 + Level 11.3(13.7) Stealth
 + Level 7.3 Spellcasting
 * Level 10.0(12.4) Hexes
 * Level 8.7 Transmutations
 + Level 3.5(5.0) Ice Magic
 - Level 1.9(3.1) Evocations


You had 10 spell levels left.
You knew the following spells:

 Your Spells              Type           Power      Damage    Failure   Level
a - Ensorcelled Hibernat  Hex/Ice        76%        N/A       1%          2
b - Confusing Touch       Hex            50%        N/A       1%          3
c - Passwall              Tmut/Erth      18%        N/A       2%          2
d - Tukima's Dance        Hex            50%        N/A       1%          3
e - Dazzling Flash        Conj/Hex       58%        N/A       2%          3

Your spell library contained the following spells:

 Spells                   Type           Power      Damage    Failure   Level
 Sting                    Tmut/Pois      88%        1d7       1%          1
 Cause Fear               Hex            25%        N/A       1%          4
 Yara's Violent Unravell  Hex/Tmut       22%        3d10      3%          5
 Apportation              Tloc           14%        N/A       10%         1
 Sandblast                Erth           14%        2d6       10%         1
 Poisonous Vapours        Pois/Air       12%        N/A       16%         2
 Stone Arrow              Conj/Erth      14%        3d7       28%         3
 Alistair's Intoxication  Tmut/Pois      14%        N/A       43%         5
 Passage of Golubria      Tloc           7%         N/A       67%         4
 Olgreb's Toxic Radiance  Pois           6%         N/A       71%         4
 Dragon Form              Tmut           18%        N/A       94%         7
 Dragon's Call            Summ           3%         N/A       100%        9


Dungeon Overview and Level Annotations

Branches:
Dungeon (10/15)            Temple (1/1) D:4            Lair (0/5) D:8
    Orc (0/2) D:10

Altars:
Ashenzari
Cheibriados
Dithmenos
Elyvilon
Gozag
Hepliaklqana
Kikubaaqudgha
Makhleb
Nemelex Xobeh
Okawaru
Qazlal
Sif Muna
Trog
Vehumet
Wu Jian
Xom
Yredelemnul
Zin
The Shining One

Shops:
D:3 :   D:5 =((*[   D:7 [

Annotations:
D:10 Gastronok


Innate Abilities, Weirdness & Mutations

You are very small and have problems with some larger weapons.
You are too small for most types of armour.
You have supernaturally acute eyesight. (SInv)
You cover ground extremely quickly. (Speed+++)


Message History

Aiming: Ensorcelled Hibernation (safe; 1% risk of failure)
Press: ? - help, Shift-Dir - straight line, f - orc priest, p - Gastronok
Aim: an orc priest, wielding a +0 short sword and wearing a +0 scale mail (chance to affect: 65%) Gastronok is unaffected.
Gastronok bites you but does no damage.
Casting: Ensorcelled Hibernation (safe; 1% risk of failure)
Confirm with . or Enter, or press ? or * to list all spells.
Aiming: Ensorcelled Hibernation (safe; 1% risk of failure)
Press: ? - help, Shift-Dir - straight line, p - orc priest Gastronok is unaffected.
The vampire mosquito misses you.
The vampire mosquito bites itself.
The orc priest invokes the aid of Beogh against you.
Beogh smites you!
The orc priest looks encouraged for a moment.
Casting: Ensorcelled Hibernation (safe; 1% risk of failure)
Confirm with . or Enter, or press ? or * to list all spells.
Aiming: Ensorcelled Hibernation (safe; 1% risk of failure)
Press: ? - help, Shift-Dir - straight line, f - orc priest
Aim: an orc priest, wielding a +0 short sword and wearing a +0 scale mail (chance to affect: 65%) Gastronok is unaffected.
Gastronok casts a spell.
Casting: Ensorcelled Hibernation (safe; 1% risk of failure)
Confirm with . or Enter, or press ? or * to list all spells.
You don't have enough magic to cast this spell.
Unknown command.
You hit Gastronok but do no damage.
Gastronok is heavily wounded.
The vampire mosquito completely misses you.
You hit Gastronok.
Gastronok is heavily wounded.
The quokka completely misses you.
The vampire mosquito closely misses you.
You hit Gastronok.
You feel better.
Gastronok is severely wounded.
The vampire mosquito bites you.
The vampire mosquito draws strength from your injuries!
The quokka completely misses you.
The orc priest mumbles some strange prayers to Beogh against you.
Beogh smites you! Gastronok bites you!!
Ouch! That really hurt!
You die...

.#..#.........#.##
.#..####......#..## .#..#
#......##..### * .#..#
#......###...# * .#..#
############.# ,
.#..######## #......## ,, *
.#..##.....# #..>....# *,
,#..##.....###..)r.#..#
##.........'.#8r@y8#.....,
,
.<.........#####w###......+
#..........# *


yoo *...... , '..........# ..o..*......* #.........## #.._..#,,.>.. ###<......#
#.....# , #.......# #.....# , #.####### ####### , #)# You could see Gastronok, 2
vampire mosquitoes, 2 orc priests, a river rat (summoned), an orc and a quokka
(summoned).

Vanquished Creatures
  A two-headed ogre (D:9)
  Pikel (D:9)
  A cyclops (D:7)
  2 orc sorcerers (D:9)
  An ugly thing (D:9)
  A kobold demonologist (D:8)
  A wyvern (D:9)
  A water moccasin (D:6)
  5 orc warriors
  2 ice beasts
  A sky beast (D:7)
  3 black bears
  2 ogres
  2 centaurs
  2 phantoms
  14 kobold brigands (D:8)
  A scorpion (D:7)
  2 necrophages
  A wight (D:7)
  4 killer bees
  6 orc priests
  4 jellies
  2 gnoll boudas
  7 hounds
  5 iguanas
  7 orc wizards
  13 gnolls
  8 adders
  A white imp (D:6)
  3 ufetubi
  A worm (D:3)
  3 dart slugs
  52 orcs
  7 ball pythons
  2 bats
  4 endoplasms
  3 giant cockroaches
  6 goblins
  8 hobgoblins
  7 jackals
  8 kobolds
  5 quokkas
  2 frilled lizards (D:2)
  5 rats
217 creatures vanquished.

Vanquished Creatures (collateral kills)
  3 wights (D:7)
3 creatures vanquished.

Grand Total: 220 creatures vanquished

Notes
Turn   | Place    | Note
-------+----------+-------------------------------------------
     0 | D:1      | dudediamond6 the Spriggan Enchanter began the quest for the
                  | Orb.
     0 | D:1      | Reached XP level 1. HP: 9/9 MP: 5/5
   414 | D:1      | Reached XP level 2. HP: 13/13 MP: 6/6
   449 | D:1      | Learned a level 2 spell: Ensorcelled Hibernation
  1322 | D:2      | Found a faded altar of an unknown god.
  1487 | D:2      | Reached skill level 5 in Stealth
  1513 | D:2      | Reached XP level 3. HP: 16/16 MP: 8/8
  2254 | D:3      | Reached XP level 4. HP: 20/21 MP: 1/9
  2361 | D:3      | Found a faded altar of an unknown god.
  2365 | D:3      | Found a shadowy altar of Dithmenos.
  2573 | D:3      | Noticed a phantom
  3274 | D:3      | Killed a phantom
  3275 | D:3      | Reached skill level 6 in Stealth
  3275 | D:3      | Reached XP level 5. HP: 4/25 MP: 10/10
  3632 | D:3      | Found Gyoquh's Book Shop.
  3638 | D:3      | Bought a book of Party Tricks for 192 gold pieces
  3689 | D:3      | Learned a level 3 spell: Confusing Touch
  3692 | D:3      | Learned a level 2 spell: Passwall
  4035 | D:4      | Reached skill level 1 in Transmutations
  4068 | D:4      | Reached XP level 6. HP: 20/29 MP: 11/11
  4530 | D:4      | Found a staircase to the Ecumenical Temple.
  4543 | D:4      | Reached skill level 1 in Fighting
  4595 | D:4      | Identified the +4 great sword "Joxol" {protect, rPois}
  4770 | Temple   | Entered the Ecumenical Temple
  5092 | Temple   | Became a worshipper of Ashenzari the Shackled
  5602 | D:4      | Found a sparkling altar of Nemelex Xobeh.
  5602 | D:4      | Found a shimmering altar of Xom.
  5639 | D:5      | Entered Level 5 of the Dungeon
  5639 | D:5      | Found Lokhlirgh's Assorted Antiques.
  5797 | D:5      | Reached XP level 7. HP: 33/33 MP: 9/13
  6106 | D:5      | Found Tiruf's Weapon Shop.
  6121 | D:5      | Bought a +0 rapier for 44 gold pieces
  6151 | D:5      | Reached skill level 5 in Hexes
  6191 | D:5      | Reached skill level 7 in Stealth
  6248 | D:5      | Found Fawnoasm's Jewellery Shoppe.
  6276 | D:5      | Found Zaumm's Weapon Boutique.
  6293 | D:5      | Reached skill level 1 in Ice Magic
  6302 | D:5      | Reached skill level 5 in Dodging
  6425 | D:5      | Found Deina's Antique Armour Shoppe.
  6434 | D:5      | Bought a runed robe for 99 gold pieces
  6865 | D:5      | Learned a level 3 spell: Tukima's Dance
  6869 | D:5      | Learned a level 3 spell: Dazzling Flash
  6882 | D:5      | Found an iron altar of Okawaru.
  7097 | D:6      | Reached XP level 8. HP: 37/37 MP: 15/15
  7499 | D:6      | Reached skill level 1 in Evocations
  7581 | D:6      | Reached skill level 5 in Short Blades
  7581 | D:6      | Reached skill level 8 in Stealth
  8079 | D:7      | Found Voffo's Armour Shoppe.
  8143 | D:7      | Reached skill level 5 in Transmutations
  8405 | D:7      | Noticed a cyclops
  8460 | D:7      | Killed a cyclops
  8461 | D:7      | Reached skill level 5 in Spellcasting
  8611 | D:7      | Reached XP level 9. HP: 16/42 MP: 7/17
  8894 | D:7      | Reached * piety under Ashenzari
 10665 | D:8      | Found a staircase to the Lair.
 10979 | D:8      | Reached skill level 9 in Stealth
 11221 | D:8      | Identified the +8 falchion of Disarray {antimagic, rCorr}
 11251 | D:8      | Reached ** piety under Ashenzari
 11591 | D:8      | Reached XP level 10. HP: 46/46 MP: 1/20
 12194 | D:9      | Identified the +2 pair of gloves of Zoimm {-Tele Int+4
                  | Dex+2}
 12195 | D:9      | Noticed an orc sorcerer
 12195 | D:9      | Noticed an orc sorcerer
 12198 | D:9      | Killed an orc sorcerer
 12199 | D:9      | Reached skill level 10 in Stealth
 12203 | D:9      | Killed an orc sorcerer
 12244 | D:9      | Found a shimmering blue altar of Sif Muna.
 12246 | D:9      | Noticed a two-headed ogre
 12250 | D:9      | Killed a two-headed ogre
 12569 | D:9      | Noticed a white ugly thing
 12578 | D:9      | Killed a white ugly thing
 12579 | D:9      | Reached skill level 11 in Stealth
 12635 | D:9      | Noticed Pikel
 12642 | D:9      | Killed Pikel
 12693 | D:9      | Found a bloodstained altar of Trog.
 12725 | D:9      | Found an opulent altar of Gozag.
 12897 | D:9      | Reached *** piety under Ashenzari
 13026 | D:10     | Entered Level 10 of the Dungeon
 13194 | D:10     | Found a staircase to the Orcish Mines.
 13200 | D:10     | Reached skill level 10 in Hexes
 13207 | D:10     | Noticed Gastronok
 13236 | D:10     | Mangled by Gastronok

Illustrated notes

Levels and vault maps discovered:
D:1:      erik_arrival_cave_to_civilisation [erik_arrival_cave_to_hall],
          layout_basic
D:2:      layout_basic, ebering_ecumenical_altar_rust
D:3:      layout_basic, nicolae_overflow_ecumenical_swirl, serial_shops,
          nicolae_shop_hallway_plus, minmay_mini_jars
D:4:      layout_rooms, gammafunk_temple_overflow_pools, temple_fountains,
          minmay_misc_feat_columns, minmay_fountain_box
D:5:      layout_basic, kennysheep_okawaru_gauntlet, serial_shops,
          nicolae_shop_bloodbath_and_beyond, shop_fountains,
          nicolae_lakefront_shop, shop_coins, nicolae_shop_crystal
D:6:      layout_basic
D:7:      layout_basic, serial_shops, nicolae_shop_stone
D:8:      layout_gridville, lair_entry_dummy, special_room [special_room_kobold]
D:9:      cheibrodos_wizards_tower, layout_stronghold,
          nicolae_overflow_hidden_temple, uniq_pikel
D:10:     layout_basic, fedhas_altar_3, minmay_orc_entry_temple_small,
          serial_shops, kennysheep_mini, kennysheep_little_box,
          serial_bayou_pond_d, uniq_harold, uniq_gastronok
Temple:   hellmonk_temple_forest_ring

Skill      XL: |  1  2  3  4  5  6  7  8  9 10 |
---------------+-------------------------------+-----
Stealth        | 5 6 7 8 9 11 | 11.3
Short Blades   | 2 3 4 5 6 7 |  7.0
Dodging        | 3 4 5 6 7 |  7.2
Hexes          | 4 5 7 8 10 | 10.0
Spellcasting   | 3 4 5 6 7 |  7.3
Transmutations | 1 2 3 5 7 8 |  8.7
Fighting       | 1 2 |  2.5
Ice Magic      | 1 2 3 |  3.5
Evocations     | 1 |  1.9

Action                   |  1- 3 |  4- 6 |  7- 9 | 10-12 || total
-------------------------+-------+-------+-------+-------++-------
Melee: Dagger            |    90 |   408 |    11 |       ||   509
       Punch             |       |     2 |     7 |     2 ||    11
       Rapier            |       |       |   353 |       ||   353
       Short sword       |       |       |    18 |   102 ||   120
 Cast: Ensorcelled Hiber |     3 |    13 |    95 |    38 ||   149
       Confusing Touch   |       |     4 |     7 |     1 ||    12
       Tukima's Dance    |       |       |     5 |       ||     5
Invok: Curse Item        |       |       |     3 |     1 ||     4
Evoke: Wand              |       |       |    17 |       ||    17
  Use: Potion            |       |       |     3 |       ||     3
 Stab: Sleeping          |    17 |    16 |    63 |    24 ||   120
       Confused          |       |     3 |     4 |       ||     7
       Distracted        |       |       |     1 |       ||     1
Armor: Robe              |     7 |    40 |    37 |     9 ||    93
Dodge: Dodged            |    60 |   321 |   398 |    87 ||   866
